 Dungeon Crawl Stone Soup version 0.28.0-43-g3370ac3207 (webtiles) character file.

Game seed: 8541701767367858457

32 silky the Chopper (level 3, -40/34 HPs)
             Began as a Minotaur Chaos Knight on Mar 30, 2022.
             Was a Plaything of Xom.
             Killed by a magical explosion (51 damage)
             ... on level 2 of the Dungeon.
             The game lasted 00:03:59 (1407 turns).

silky the Chopper (Minotaur Chaos Knight)           Turns: 1407, Time: 00:04:00

Health: -40/34     AC: 12    Str: 18    XL:     3   Next: 10%
Magic:  2/2        EV:  7    Int:  9    God:    Xom [..*...]
Gold:   50         SH:  0    Dex:  9    Spells: 2/2 levels left

rFire   + . .      SeeInvis .   a - +0 hand axe (chaos)
rCold   . . .      Faith    .   (no shield)
rNeg    . . .      Spirit   .   h - +4 chain mail {rF+}
rPois   .          Reflect  .   (helmet unavailable)
rElec   .          Harm     .   (no cloak)
rCorr   .          Rampage  .   (no gloves)
Will    .....                   (no boots)
Stlth   ..........              (no amulet)
HPRegen 0.11/turn               (no ring)
MPRegen 0.08/turn               (no ring)

@: very very heavily contaminated, glowing
A: horns 3, retaliatory headbutt, deterioration 1
a: Renounce Religion


You were on level 2 of the Dungeon.
You worshipped Xom.
You were a toy of Xom.
You visited 1 branch of the dungeon, and saw 2 of its levels.

You collected 50 gold pieces.

Inventory:

Hand Weapons
 a - a +0 hand axe of chaos (weapon)
Armour
 h - a +4 chain mail of fire resistance (worn)
Jewellery
 f - a ring of poison resistance
Scrolls
 b - a scroll of brand weapon {unknown}
 c - 2 scrolls of teleportation {unknown}
 d - a scroll of noise {unknown}
 e - a scroll of amnesia {unknown}
 g - a scroll of fog {unknown}
Potions
 i - a potion of flight {unknown}


   Skills:
 + Level 4.3 Fighting
 + Level 4.5 Axes
 + Level 2.5 Armour
 + Level 1.1 Dodging


You had 2 spell levels left.
You didn't know any spells.
Your spell library was empty.

Dungeon Overview and Level Annotations

Branches:
Dungeon (2/15)

Altars:


Innate Abilities, Weirdness & Mutations

You have a pair of large horns on your head.
You reflexively headbutt those who attack you in melee.
Your body sometimes deteriorates upon taking damage.


Message History

Really walk into that cloud of mutagenic fog?
You are engulfed in mutagenic fog.
The mutagenic energy flows into you.
You are engulfed in mutagenic fog.
The mutagenic energy flows into you.
You are engulfed in mutagenic fog.
The mutagenic energy flows into you.
You are engulfed in mutagenic fog.
The mutagenic energy flows into you.
You are engulfed in mutagenic fog.
The mutagenic energy flows into you.
Unknown command.
Unknown command.
Unknown command.
Really walk into that cloud of mutagenic fog?
You are engulfed in mutagenic fog.
The mutagenic energy flows into you.
Your entire body has taken on an eerie glow!
Xom thinks this is hilarious!
Your body shudders with the violent release of wild energies!
The magical storm engulfs you!!
Ouch! That really hurt!
* * * LOW HITPOINT WARNING * * *
The horns on your head grow some more.
You feel less contaminated with magical energies.
You are engulfed in mutagenic fog.
The mutagenic energy flows into you.
Your entire body has taken on an eerie glow!
You hear an angry hiss.
You hear a shout!
You are engulfed in mutagenic fog.
The mutagenic energy flows into you.
Your entire body has taken on an eerie glow!
You are glowing.
Your movement speed is average.
Your attack delay is about 1.0.
Really walk into that cloud of mutagenic fog?
You are engulfed in mutagenic fog.
The mutagenic energy flows into you.
You are engulfed in mutagenic fog.
The mutagenic energy flows into you.
Your trail of clouds dissipates.
You are engulfed in mutagenic fog.
The mutagenic energy flows into you.
You are engulfed in mutagenic fog.
The mutagenic energy flows into you.
You are engulfed in mutagenic fog.
The mutagenic energy flows into you.
You are engulfed in mutagenic fog.
The mutagenic energy flows into you.
You are engulfed in mutagenic fog.
The mutagenic energy flows into you.
Your body shudders with the violent release of wild energies!
The magical storm engulfs you!!!
Ouch! That really hurt!
You die...
Xom is highly amused!

#.# #... ..#.# #.#
########.# #.# ##+## #.#
##...# ####.#### ##.....
#.......# ##......
..##.###.#####.###.......
>.(........# #...'.......
####.###@#.# #.###.......
#...# #.# ##......
#.#####.# ##.....
#.......# ##...#
##.###### ##'## #.# #.#
#.# #.# #####.##### ##.##
#.........#######...#


There were no monsters in sight!

Vanquished Creatures
  An adder (D:2)
  A dart slug (D:2)
  4 endoplasms
  A giant cockroach (D:1)
  2 goblins (D:2)
  A hobgoblin (D:1)
  3 kobolds
  A quokka (D:1)
  2 ball pythons (D:1)
  2 bats
  A frilled lizard (D:1)
19 creatures vanquished.

Vanquished Creatures (others)
  2 demonic plants (D:1)
  2 fungi (D:1)
  4 plants (D:1)
  2 withered plants (D:1)
10 creatures vanquished.

Grand Total: 29 creatures vanquished

Notes
Turn   | Place    | Note
-------+----------+-------------------------------------------
     0 | D:1      | silky the Minotaur Chaos Knight began the quest for the
                  | Orb.
     0 | D:1      | Reached XP level 1. HP: 19/19 MP: 0/0
   374 | D:1      | XOM: silly message
   378 | D:1      | Reached XP level 2. HP: 21/27 MP: 1/1
   543 | D:1      | XOM: silly message
   732 | D:1      | Found a faded altar of an unknown god.
  1195 | D:2      | Reached XP level 3. HP: 33/33 MP: 2/2
  1281 | D:2      | XOM: cloud trail
  1380 | D:2      | Gained mutation: Your body sometimes deteriorates upon
                  | taking damage. [mutagenic glow]
  1395 | D:2      | Gained mutation: You have a pair of large horns on your
                  | head. [mutagenic glow]
  1407 | D:2      | Killed by a magical explosion

Illustrated notes

Levels and vault maps discovered:
D:1:      matt_arrival_debris, layout_loops_ring, shapermc_ecumenical_altar_gd
D:2:      layout_loops_corners

Skill      XL: |  1  2 |
---------------+-------+-----
Axes           | 4 |  4.5
Fighting       | 4 |  4.3
Armour         | |  2.5
Dodging        | |  1.1

Action                   || total
-------------------------++-------
Melee: Hand axe          ||    33
       Headbutt          ||     6
Armor: Leather armour    ||     5
       Chain mail        ||    15
Dodge: Dodged            ||    20
